 Dungeon Crawl Stone Soup version 0.8.0-a0-6013-g0155d97 character file.

12480363 nht the Hawkeye (level 27, 295/295 HPs)
             Began as a Spriggan Assassin on Mar 27, 2011.
             Was a High Priest of Trog.
             Escaped with the Orb
             ... and 15 runes (of 15 types) on Mar 29, 2011!
             The game lasted 10:52:55 (127019 turns).

nht the Hawkeye (Spriggan Assassin)               Turns: 127019, Time: 10:52:55

HP 295/295       AC 30     Str 20 Exp: 27/2025717 (2001)
MP  32/32        EV 43     Int 15      God: Trog [*****.]
Gold 7742        SH  0     Dex 27      Spells:  0 memorised, 28 levels left

Res.Fire  : + . .   See Invis. : +   l - +8 double sword (holy) {god gift}
Res.Cold  : + . .   Warding    : . . s - +10 pearl dragon armour
Life Prot.: + . .   Conserve   : +   (shield restricted)
Res.Acid. : . . .   Res.Corr.  : .   Q - +3 crown of Dyrovepreva {Hunger rElec Int+
Res.Poison: +       Clarity    : .   R - +2 elf cloak {MR}
Res.Elec. : +       Spirit.Shd : .   (gloves unavailable)
Sust.Abil.: . .     Stasis     : .   (boots unavailable)
Res.Mut.  : .       Ctrl.Telep.: +   n - amulet of conservation
Res.Rott. : .       Levitation : .   P - +4,+6 ring of slaying
Saprovore : . . .   Ctrl.Flight: .   V - ring of teleport control

@: mighty, agile, berserking, very slightly glowing, very quick, incredibly
resistant to hostile enchantments, extremely unstealthy
A: unfitting armour, see invisible, herbivore 3, speed 3, slow metabolism 3
a: Burn Spellbooks, Berserk, Trog's Hand, Brothers in Arms, Renounce Religion


You escaped.
You worshipped Trog.
Trog was exalted by your worship.
You were very full.

You visited 19 branches of the dungeon, and saw 114 of its levels.
You visited Pandemonium 2 times, and saw 17 of its levels.
You visited the Abyss 2 times.
You visited 1 Labyrinth.
You visited 2 bazaars.
You visited 3 portal chambers: bailey, ice cave, trove.

You collected 10177 gold pieces.
You spent 2485 gold pieces at shops.

Inventory:

Hand weapons
 b - the +6,+7 Captain's cutlass {god gift, speed, Dam+3}
   (Trog gifted it to you on level 2 of the Crypt)

   Attacks with this weapon take half as long, but cause less damage.
   It affects your damage-dealing abilities (+3).
   This infamous weapon was used by a vile pirate captain to slaughter countless
   innocents.
   Finally, he met his destiny when a kraken swallowed his ship with all the
   crew aboard.
   The cutlass was thought to be forever lost, but now you have a proof to the
   contrary in your very hands.
 l - a +8,+8 double sword of holy wrath (weapon) {god gift}
 v - a +8 elven blowgun
 U - the +9,+7 double sword of Exoneration {god gift, vamp, Dex+1}
   (Trog gifted it to you in Pandemonium)

   It inflicts no extra harm, but heals its wielder somewhat when it strikes a
   living foe.
   It affects your dexterity (+1).
 X - a cursed +2,+0 katana of distortion
Missiles
 e - 6 +0 needles of paralysis {god gift}
 m - 7 curare-tipped +4 needles {god gift}
 F - 3 +5 needles of paralysis {!f}
 J - 21 +5 needles of sleeping {!f}
 L - 3 curare-tipped +3 needles {god gift}
Armour
 s - a +10 pearl dragon armour (worn)
 M - the +2 hat of the Bear Spirit {Spirit, +Rage rN+ MR}
   (You found it in a treasure trove)

   It protects you from negative energy.
   It increases your resistance to enchantments.
   It lets you go berserk.
   Once owned by Ukta, a powerful ogre shaman, this fur hat houses the spirit of
   an especially mighty bear.
 Q - the cursed +3 crown of Dyrovepreva (worn) {Hunger rElec Int+2 SInv}
   (You found it on level 19 of the Dungeon)

   It affects your intelligence (+2).
   It insulates you from electricity.
   It enhances your eyesight.
   It speeds your metabolism.
   It has a curse placed upon it.
 R - a +2 elven cloak of magic resistance (worn)
Comestibles
 i - 3 royal jellies
Jewellery
 a - an uncursed ring of poison resistance
 g - an uncursed amulet of resist mutation
 n - an amulet of conservation (around neck)
 p - an uncursed ring of regeneration
 u - an uncursed amulet of stasis
 z - the ring "Qymyes" {+Inv Str+3 Dex+5}
   (You found it in the Abyss)

   [ring of invisibility]

   It affects your strength (+3).
   It affects your dexterity (+5).
 C - the ring "Vuinn" {Hunger- +Lev MR}
   (You found it on level 27 of the Dungeon)

   [ring of sustenance]

   It increases your resistance to enchantments.
   It lets you levitate.
 D - an uncursed ring of protection from fire
 I - an uncursed ring of protection from cold
 P - a +4,+6 ring of slaying (right hand)
 T - the ring of Ynua {+Blink AC-3}
   (You found it on level 5 of the Elven Halls)

   [ring of protection]

   It affects your AC (-3).
   It lets you blink.
 V - a ring of teleport control (left hand)
Magical staves
 A - a +3 rod of demonology (13/13)
   (You found it on level 8 of the Vaults)
Orbs of Power
 w - the Orb of Zot
Miscellaneous
 c - a barnacled rune of Zot
 d - a dark rune of Zot
 f - an icy rune of Zot
 h - an iron rune of Zot
 j - an obsidian rune of Zot
 k - a magical rune of Zot
 o - a serpentine rune of Zot
 r - a golden rune of Zot
 t - a silver rune of Zot
 x - a fiery rune of Zot
 y - a slimy rune of Zot
 B - a demonic rune of Zot
 K - a glowing rune of Zot
 O - an abyssal rune of Zot
 W - a bone rune of Zot You had 2001 experience left.


   Skills:
 + Level 20 Fighting
 + Level 15 Short Blades
 + Level 20 Long Blades
 + Level 24 Throwing
 + Level 9 Armour
 + Level 24 Dodging
 + Level 18 Stealth
 - Level 22 Stabbing
 + Level 13 Traps & Doors
 + Level 1 Spellcasting
 + Level 2 Poison Magic
 + Level 16 Evocations


You had 28 spell levels left.
You didn't know any spells.

Dungeon Overview and Level Annotations

Branches:
Dungeon (27/27)            Temple (1/1) D:6             Orc (4/4) D:8
    Elf (5/5) Orc:4          Lair (8/8) D:13         Shoals (5/5) Lair:3
  Slime (6/6) Lair:7        Snake (5/5) Lair:6         Hive (2/2) D:12
  Vault (8/8) D:18          Blade (1/1) Vault:5       Crypt (5/5) Vault:2
   Tomb (3/3) Crypt:2         Dis (7/7) Hell            Geh (7/7) Hell
    Coc (7/7) Hell            Tar (7/7) Hell            Zot (5/5) D:27

Altars:
Elyvilon
Fedhas
Kikubaaqudgha
Makhleb
Okawaru
Sif Muna
The Shining One
Trog
Vehumet
Xom
Yredelemnul
Beogh

Shops:
D:8: ! D:13: (? D:16: ( D:18: ! D:20: (( D:22: = D:25: * D:27: ( Orc:4: [*%( Elf:2: * Elf:5: % Vault:4: [ Vault:7: * Vault:8: *

Portals:
Hell: D:21 D:22 D:23 D:24 D:25 D:26* D:27 Dis:1 Dis:2* Dis:3 Dis:4* Dis:5 Dis:7** Geh:1 Geh:2* Geh:4 Geh:5* Geh:6 Geh:7* Coc:1** Coc:3 Coc:4 Coc:5 Coc:6* Coc:7** Tar:1 Tar:2** Tar:3* Tar:4 Tar:5 Tar:6* Tar:7**
Abyss: D:21 D:25 D:27
Pan: D:24 D:27
Ziggurat: D:26 (3960 gp)

Annotations
D:9 exclusion: orange crystal statue
D:27 ctele
Orc:4 exclusion: orc high priest
Shoals:2 exclusion: oklob plant
Shoals:4 exclusion: oklob plant
Dis:1 exclusion: tormentor
Coc:7 exclusion: 2 ice statues


Innate Abilities, Weirdness & Mutations

You are tiny and cannot use many weapons and most armour.
You have supernaturally acute eyesight.
You are a herbivore.
You cover ground extremely quickly.
You need consume almost no food.


Message History

You aren't carrying any books or scrolls.
Use which ability? (? or * to list)
A red film seems to cover your vision as you go berserk!
You feel yourself moving faster!
You feel mighty!
You feel somewhat less full.
You can't go down here!
Are you sure you want to leave the Dungeon?
You have escaped!

.##.......##......<....#.#
#
.#(.........##.........#.#
#
.#....<....####.......##.#
# .#.........#
###...###..# #
.##.......## ###.####....#
#
.####...######...####.##.#
# .#
#########.......##.##.# #
.###....#...........#.##.#
#
.##.#....##....@....#.##.#
#
.#..###.###.........#.##.#
#
.#..).....##.......##.##.#
#
.##....#...###...###..##.#
# ..########.#
#####...###.# #
#..........# #.....#####.#
#
##########.###........^..#
#
......................####
# ##########.###........#
#


There were no monsters in sight!

Vanquished Creatures
  Antaeus (Coc:7)
  Asmodeus (Geh:7)
  Cerebov (Pan)
  Gloorx Vloq (Pan)
  Mnoleg (Pan)
  the royal jelly (Slime:6)
  Ereshkigal (Tar:7)
  Dispater (Dis:7)
  An ancient lich (Zot:5)
  Lom Lobon (Pan)
  An orb of fire (Zot:5)
  the Serpent of Hell (Geh:7)
  20 greater mummies
  Saint Roka (D:19)
  A Killer Klown (Zot:5)
  Mennas (D:22)
  Geryon (Hell)
  6 Fiends
  5 golden dragons
  An electric golem (Zot:5)
  3 Pit Fiends
  Frederick (Vault:3)
  12 Orb Guardians (Zot:5)
  A titan (Vault:8)
  4 curse skulls
  11 acid blobs
  A deep elf blademaster (Elf:5)
  3 liches
  Kirke (Shoals:2)
  2 krakens
  4 storm dragons
  A quicksilver dragon (Vault:8)
  10 sphinxes
  Rupert (D:15)
  Agnes (Elf:4)
  9 shadow dragons
  6 Shadow Fiends
  2 draconian knights (Zot:5)
  A draconian monk (Pan)
  9 Ice Fiends
  Ilsuiw (Shoals:5)
  7 bone dragons
  3 frost giants
  Donald (Elf:4)
  16 Executioners
  Wiglaf (Snake:2)
  Louise (D:18)
  40 stone giants
  4 iron dragons
  7 fire giants
  Maud (Elf:2)
  3 azure jellies
  A draconian zealot (Zot:1)
  8 tentacled monstrosities
  17 Balrugs
  8 Cacodemons
  3 draconian annihilators
  A draconian shifter (Zot:5)
  2 quicksilver dragon skeletons
  9 deep elf annihilators
  A draconian caller (Zot:1)
  8 deep elf death magi
  3 grey draconians
  A greater naga (Snake:5)
  A green draconian (Zot:5)
  2 yellow draconians (Zot:5)
  5 Green Deaths
  3 mottled draconians (Zot:5)
  A pale draconian (Zot:5)
  4 purple draconians
  8 deep elf sorcerers
  2 red draconians (Zot:5)
  A black draconian (Zot:1)
  2 deep elf master archers (Elf:5)
  A vampire knight (Crypt:5)
  3 Blue Deaths (Pan)
  3 white draconians
  Snorg (Elf:4)
  An ettin (shapeshifter) (D:27)
  18 ettins
  5 dragons
  9 mummy priests
  A minotaur (Lab)
  41 yaktaur captains
  4 sirens
  23 vault guards
  Josephine (D:13)
  A draconian (shapeshifter) (D:18)
  2 great orbs of eyes (shapeshifter)
  2 anacondas
  2 anaconda zombies (Abyss)
  6 ice dragons
  Erica (D:12)
  Harold (Elf:4)
  2 merfolk aquamancers (Shoals:5)
  5 great orbs of eyes
  7 hydras
  Polyphemus (Shoals:1)
  6 merfolk javelineers (Shoals:5)
  7 ogre magi
  24 dancing weapons (Blade)
  8 deep elf demonologists
  Nessos (D:11)
  3 rakshasas
  2 shadow dragon zombies
  A sphinx zombie (D:27)
  An alligator snapping turtle (Shoals:5)
  An anaconda (shapeshifter) (Vault:8)
  2 iron dragon zombies
  3 merfolk impalers (Shoals:5)
  2 deep elf high priests
  Nergalle (D:18)
  5 shadow dragon skeletons
  A frost giant zombie (Geh:4)
  10 death yaks
  13 very ugly things
  An orc high priest (Orc:4)
  10 deep trolls
  2 sphinx skeletons
  12 sun demons
  3 griffons
  2 fire giant skeletons
  A ghost moth (shapeshifter) (Vault:8)
  16 centaur warriors
  8 iron golems
  5 stone giant skeletons
  A griffon (shapeshifter) (Vault:8)
  A dire elephant zombie (Crypt:2)
  2 vapours (D:12)
  10 sea snakes
  67 skeletal warriors
  A giant orange brain (shapeshifter) (D:27)
  A frost giant skeleton (Pan)
  2 giant orange brains (Abyss)
  9 shadow wraiths
  19 soul eaters
  5 unseen horrors
  5 elves (shapeshifter)
  4 hell knights
  A sea snake zombie (Pan)
  12 wizards
  A grey draconian zombie (Abyss)
  6 flayed ghosts
  8 ice devils
  4 yaktaur zombies
  20 deep elf knights
  A mottled draconian zombie (Crypt:4)
  9 naga warriors
  9 hill giants
  A hill giant (shapeshifter) (Vault:8)
  2 green draconian zombies
  2 ice statues (Coc:7)
  A white draconian zombie (Abyss)
  2 necromancers (Dis:2)
  A lindwurm (shapeshifter) (Vault:5)
  20 orc knights
  A green draconian skeleton (Abyss)
  An iron troll zombie (Vault:3)
  6 orc sorcerers
  5 grey draconian skeletons
  30 crystal golems
  6 iron trolls
  A mottled draconian skeleton (Pan)
  Urug (D:12)
  A death yak skeleton (Crypt:3)
  5 flaming corpses
  2 red draconian skeletons
  A purple draconian skeleton (Coc:3)
  4 giant amoebae
  An iron troll skeleton (D:23)
  2 spiny worms
  A guardian serpent (Abyss)
  25 large large abominations
  10 harpies
  12 phantasmal warriors
  2 death drake zombies
  4 hellions
  A statue (D:21)
  4 red wasps
  2 red wasp zombies
  7 moths of wrath
  10 cyclopes
  3 Lorocyprocas
  3 cyclopes (shapeshifter)
  3 weapon mimics
  A wolf spider zombie (Crypt:4)
  A fire crab (Vault:4)
  Erolcha (D:9)
  A stone golem (D:18)
  Maurice (D:12)
  An alligator zombie (Crypt:4)
  A dragon zombie (D:22)
  5 ice dragon zombies
  20 black mambas
  A siren skeleton (Pan)
  14 sixfirhies
  5 shining eyes
  2 minotaur skeletons
  An ettin zombie (D:20)
  A moth of wrath (shapeshifter) (Vault:7)
  An eye of devastation (shapeshifter) (D:27)
  A wolf spider (D:17)
  A slime creature (shapeshifter) (Vault:7)
  A shop mimic (D:15)
  An ice dragon skeleton (Coc:6)
  3 door mimics
  A stair mimic (D:27)
  A wolf spider (shapeshifter) (Vault:3)
  2 alligator skeletons
  2 shining eyes (shapeshifter) (Vault:8)
  A trapdoor spider (D:12)
  2 griffon skeletons
  28 hellwings
  3 dragon skeletons
  A giant toad skeleton (Crypt:3)
  66 yaktaurs
  A giant toad zombie (Crypt:4)
  134 slime creatures
  2 eyes of devastation
  32 elephants
  3 spiny worm zombies
  21 orange demons
  21 reapers
  A draconian zombie (Geh:4)
  14 tormentors
  59 ugly things
  65 guardian mummies
  9 spiny frogs
  A yaktaur (shapeshifter) (Vault:4)
  A giant firefly zombie (Dis:7)
  9 mermaids
  12 naga magi (Snake:5)
  6 komodo dragons
  2 efreeti
  13 iron devils
  2 redbacks (shapeshifter)
  5 silent spectres
  2 spriggans (shapeshifter)
  3 redbacks
  3 hill giant skeletons
  36 smoke demons
  22 two-headed ogres
  A komodo dragon (shapeshifter) (Vault:8)
  A draconian skeleton (Coc:7)
  10 snapping turtles
  3 trolls (shapeshifter)
  A human zombie (Pan)
  2 queen bees
  12 rock trolls
  7 trolls
  A snapping turtle (shapeshifter) (Vault:8)
  A two-headed ogre (shapeshifter) (D:23)
  16 giant toads
  3 demonic crawlers
  20 blink frogs
  4 rock troll skeletons
  A grizzly bear (shapeshifter) (D:23)
  8 blue devils
  13 brown oozes
  2 redback zombies
  10 vampires
  16 deep elf conjurers
  A hill giant simulacrum (D:13)
  A blink frog zombie (Tar:7)
  A merfolk zombie (Shoals:5)
  2 wyverns
  33 neqoxecs
  9 ynoxinuls
  5 hairy devils
  15 wraiths
  7 vipers
  62 yaks
  A chaos spawn (Pan)
  10 metal gargoyles
  An elephant skeleton (Crypt:2)
  14 shadow demons
  11 hippogriffs
  3 sharks (Shoals:4)
  2 fire crab zombies
  Grum (D:12)
  A bumblebee (shapeshifter) (D:17)
  10 deep elf summoners
  4 hungry ghosts
  36 merfolk
  A swamp dragon skeleton (Abyss)
  A viper skeleton (Crypt:1)
  4 merfolk (shapeshifter)
  12 vampire mosquitoes
  3 fire drakes
  18 golden eyes
  8 molten gargoyles
  2 hog skeletons
  10 water elementals
  9 war dogs
  22 deep elf fighters
  20 freezing wraiths
  A giant slug zombie (Geh:7)
  13 necrophages
  14 deep elf priests
  19 hell hounds
  3 rock worms
  6 orange crystal statues
  A yaktaur skeleton (Tomb:1)
  2 mottled dragons
  11 manticores
  A cyclops zombie (D:12)
  A manticore zombie (Abyss)
  A manticore skeleton (Abyss)
  13 insubstantial wisps
  A sky beast (D:19)
  23 small abominations
  14 red devils
  A rock worm zombie (Coc:1)
  2 beasts (Hell)
  A kobold demonologist (D:18)
  A troll zombie (D:12)
  A dwarf (D:8)
  16 ice beasts
  51 orc warriors
  46 ogres
  2 yak zombies (Crypt:1)
  11 giant goldfish
  3 giant goldfish zombies (Coc:7)
  13 phantoms
  A bumblebee zombie (Hell)
  19 centaurs
  2 yellow wasps
  5 kenku (D:14)
  5 boring beetles
  14 deep elf magi
  5 gila monsters
  The ghost of Elynae the Stinger, an average OgVM (D:3)
  A human skeleton (Coc:1)
  2 giant goldfish skeletons (Coc:7)
  14 wargs
  Duvessa (Orc:1)
  A boulder beetle zombie (Geh:7)
  51 nagas
  A warg (shapeshifter) (Vault:8)
  6 rotting devils
  3 giant leeches (Lair:8)
  8 giant slugs
  A war dog zombie (Crypt:2)
  8 brain worms
  A giant slug (shapeshifter) (D:26)
  29 giant frogs
  9 crocodiles
  A lava worm (D:26)
  3 big kobolds
  A soldier ant zombie (D:12)
  A silver statue (D:24)
  35 water moccasins
  A wolf skeleton (Crypt:4)
  An earth elemental (Pan)
  4 agate snails
  5 elf zombies
  A water moccasin zombie (D:12)
  A water moccasin skeleton (Crypt:5)
  A warg skeleton (Crypt:4)
  8 jellyfish
  2 giant goldfish simulacra (Coc:7)
  8 boulder beetles
  A gila monster zombie (D:13)
  A demonspawn zombie (Crypt:2)
  3 electric eels
  147 killer bees
  A felid zombie (Tar:7)
  A killer bee zombie (D:17)
  3 goliath beetles
  73 wights
  9 eyes of draining
  A lava fish (D:26)
  Dowan (Orc:1)
  A big kobold skeleton (D:13)
  2 hound zombies
  31 imps
  An ogre skeleton (Tomb:1)
  3 lava snakes
  24 shadows
  A crocodile skeleton (Crypt:4)
  11 hounds
  A mottled dragon skeleton (Crypt:4)
  2 quasits
  2 hound skeletons
  29 iron imps
  5 porcupines
  13 worker ants
  4 big fish
  A human (shapeshifter) (D:27)
  2 scorpions
  10 iguanas
  45 orc priests
  31 orc wizards
  A naga skeleton (Crypt:5)
  5 orange rats
  A worker ant zombie (D:6)
  39 deep elf soldiers
  4 big fish zombies
  10 sheep
  2 worm zombies
  A big fish skeleton (Coc:7)
  5 boggarts
  16 jellies
  2 goliath beetle zombies
  29 mummies
  52 flying skulls
  A big fish simulacrum (Coc:7)
  2 gnolls
  41 lemures
  48 snakes
  32 green rats
  26 midges
  2 halfling zombies
  A sheep zombie (Dis:2)
  2 giant centipedes
  An orc zombie (Orc:4)
  10 shadow imps
  2 giant centipede zombies
  2 giant mites
  29 white imps
  9 worms
  An elf skeleton (Crypt:3)
  2 snake skeletons
  54 ufetubi
  7 grey rats
  5 giant eyeballs
  A gnoll zombie (Crypt:3)
  2 megabat skeletons
  9 giant geckos
  3 oozes
  238 orcs
  6 giant cockroaches
  A giant cockroach (shapeshifter) (Vault:8)
  18 hobgoblins
  32 kobolds
  12 quokkas
  8 giant newts
  A giant newt skeleton (Geh:7)
  A giant spore (D:14)
  21 goblins
  A goblin skeleton (Crypt:3)
  A grey rat skeleton (Crypt:2)
  A grey rat zombie (Crypt:3)
  A hobgoblin zombie (Crypt:1)
  15 illusory rakshasas
  40 jackals
  A jackal skeleton (Geh:7)
  A jackal zombie (Tar:3)
  53 killer bee larvae
  A killer bee larva zombie (Dis:2)
  50 megabats
  2 orc skeletons
  3 quokka skeletons
  28 rats
  3 rat skeletons
  A rat zombie (Crypt:1)
  A small snake (D:7)
  A small snake skeleton (D:3)
  A small snake zombie (Crypt:1)
  7 ballistomycetes
  A butterfly (Shoals:5)
  8 fungi
  4 plants
  12 toadstools
4129 creatures vanquished.

Vanquished Creatures (collateral kills)
  An ancient lich (Crypt:5)
  Boris (twice) (Snake:5 Shoals:5)
  Norris (D:18)
  Mara (Vault:7)
  Margery (Vault:5)
  Xtahua (Snake:5)
  A curse skull (Crypt:1)
  4 liches
  A Daeva (Abyss)
  A Shadow Fiend (D:24)
  Aizul (D:15)
  Terpsichore (Snake:2)
  A frost giant (Vault:6)
  An iron dragon (Vault:8)
  5 stone giants
  A fire giant (D:26)
  A Cacodemon (D:24)
  2 greater nagas (Snake:5)
  Azrael (D:15)
  3 ettins
  2 yaktaur captains
  A great orb of eyes (shapeshifter) (Vault:5)
  A dragon (shapeshifter) (D:26)
  2 ice dragons (Coc:7)
  6 ogre magi
  2 golden dragon skeletons
  3 deep elf high priests (Vault:8)
  5 deep trolls (Vault:7)
  A shadow dragon skeleton (Vault:4)
  3 centaur warriors
  7 orc high priests
  A stone giant zombie (Vault:5)
  An unseen horror (D:15)
  2 deep elf knights (Elf:2)
  3 flayed ghosts
  3 ice devils
  4 hell knights (Vault:5)
  5 naga warriors (Snake:5)
  4 orc knights
  2 orc sorcerers
  4 crystal golems (D:24)
  2 flaming corpses
  2 necromancers (Vault:5)
  3 dancing weapons (Snake:2)
  A stone giant simulacrum (Vault:4)
  A spiny worm (shapeshifter) (Vault:8)
  2 phantasmal warriors (Crypt:1)
  2 hydra skeletons
  A red wasp (Vault:6)
  An ettin zombie (Vault:5)
  A cyclops (D:17)
  10 slime creatures
  An ettin skeleton (Vault:4)
  2 hellwings (Orc:4)
  2 rock trolls
  7 yaktaurs
  A reaper (Coc:7)
  An orange demon (Vault:8)
  4 naga magi (Snake:5)
  A troll (D:17)
  13 ugly things
  4 smoke demons
  5 two-headed ogres
  An elf (shapeshifter) (Vault:3)
  A deep troll skeleton (Vault:4)
  A hairy devil (Orc:4)
  2 deep elf conjurers (Elf:5)
  2 fire elementals (D:15)
  A wraith (Crypt:1)
  A vampire (Crypt:3)
  2 hungry ghosts
  2 neqoxecs
  2 ynoxinuls
  2 deep elf fighters
  2 hell hounds (D:15)
  A giant slug zombie (D:19)
  A freezing wraith (D:18)
  7 orc warriors
  A centaur (D:18)
  18 ogres
  4 wargs
  A deep elf mage (Elf:2)
  A naga (Snake:5)
  A water moccasin (Snake:5)
  A wight (Vault:8)
  An imp (Elf:5)
  10 orc priests
  3 iron imps
  A shadow (Vault:8)
  A big kobold skeleton (D:18)
  A deep elf soldier (Elf:2)
  An orc wizard (Orc:4)
  A quasit (D:19)
  A flying skull (Vault:8)
  A mummy (Crypt:1)
  A green rat (Crypt:3)
  A shadow imp (Elf:5)
  2 snakes (Snake:5)
  A white imp (Coc:7)
  7 ufetubi
  2 grey rats (Crypt:3)
  18 orcs
  A jackal (D:26)
  An ant larva simulacrum (Crypt:1)
  A megabat (Crypt:3)
  An orc zombie (Orc:4)
272 creatures vanquished.

Vanquished Creatures (others)
  A deep elf blademaster (Elf:5)
  An eldritch tentacle (Dis:7)
  A fire giant (Vault:7)
  A deep troll (Vault:5)
  2 stone giants
  An ettin (Vault:5)
  3 two-headed ogres
  An iron troll (Snake:5)
  A white draconian skeleton (Pan)
  4 hill giants
  4 rock trolls
  15 slime creatures
  A human (Shoals:2)
  A hill giant skeleton (D:15)
  2 naga magi (Snake:5)
  5 trolls
  A fire crab zombie (Geh:7)
  7 small abominations (Pan)
  A centaur (D:19)
  6 ogres
  A brain worm (Pan)
  A giant frog (Lair:8)
  An imp (D:26)
  A shadow (Dis:2)
  A deep elf soldier (Elf:5)
  A boggart (shapeshifter) (Vault:8)
  2 mummies
  A lemure (Pan)
  A porcupine zombie (Geh:1)
  3 ufetubi (Abyss)
  A white imp (Coc:7)
  A giant centipede simulacrum (Vault:8)
  A gnoll skeleton (Tar:7)
  2 jackals (Lair:3)
  A megabat (Shoals:2)
  A giant spore (Abyss)
  4 killer bee larvae
  A rat (D:16)
  57 eldritch tentacle segments (Dis:7)
  A fungus (Lair:8)
  6 plants (Lair:8)
  37 toadstools
185 creatures vanquished.

Grand Total: 4586 creatures vanquished

Notes
Turn   | Place    | Note
--------------------------------------------------------------
     0 | D:1      | nht, the Spriggan Assassin, began the quest for the Orb.
     0 | D:1      | Reached XP level 1. HP: 10/10 MP: 1/1
    82 | D:1      | Reached skill level 5 in Stealth
   194 | D:2      | Found a radiant altar of Vehumet.
   275 | D:3      | Reached XP level 2. HP: 11/13 MP: 2/3
   365 | D:3      | Noticed Elynae's ghost (average OgVM)
   424 | D:2      | Reached XP level 3. HP: 18/18 MP: 4/5
   639 | D:2      | Reached XP level 4. HP: 17/21 MP: 6/7
  2265 | D:3      | Defeated Elynae's ghost
  2265 | D:3      | Reached XP level 5. HP: 11/26 MP: 8/9
  2318 | D:3      | HP: 1/26 [poisoned by Elynae's ghost (sting)]
  2585 | D:4      | Noticed Blork the orc
  2644 | D:5      | Entered Level 5 of the Dungeon
  2814 | D:4      | Reached skill level 1 in Traps & Doors
  2901 | D:5      | Reached skill level 5 in Stabbing
  2959 | D:5      | Reached skill level 6 in Stealth
  3013 | D:5      | Reached XP level 6. HP: 31/31 MP: 10/11
  3368 | D:6      | Found a staircase to the Ecumenical Temple.
  3375 | Temple   | Entered the Ecumenical Temple
  3387 | Temple   | Became a worshipper of Trog the Wrathful
  3466 | D:6      | Paralysed by a giant eyeball for 4 turns
  3503 | D:6      | Reached skill level 5 in Short Blades
  3892 | D:6      | Reached XP level 7. HP: 35/35 MP: 12/13
  4219 | D:7      | Acquired Trog's first power
  4356 | D:7      | Reached skill level 5 in Dodging
  4581 | D:7      | Reached skill level 1 in Evocations
  4753 | D:8      | Found Phalep's Distillery.
  4761 | D:8      | Bought a potion of levitation for 22 gold pieces
  4762 | D:8      | Bought 2 potions of healing for 44 gold pieces
  4763 | D:8      | Bought 2 potions of resistance for 154 gold pieces
  4764 | D:8      | Bought a potion of heal wounds for 33 gold pieces
  4764 | D:8      | Bought a potion of speed for 27 gold pieces
  4851 | D:8      | Acquired Trog's second power
  4945 | D:9      | Reached skill level 5 in Throwing
  5027 | D:9      | Reached skill level 7 in Stabbing
  5101 | D:9      | Reached XP level 8. HP: 26/39 MP: 14/15
  5209 | D:9      | Noticed Erolcha
  5309 | D:9      | You fall through a shaft!
  5314 | D:11     | Noticed Nessos
  5436 | D:11     | Found a flagged portal. 5461
                  | bailey
                  | Entered the bailey
  5610 | D:10     | Entered Level 10 of the Dungeon
  6396 | D:9      | Defeated Erolcha
  6396 | D:9      | Reached XP level 9. HP: 31/46 MP: 16/17
  6923 | D:10     | Reached skill level 8 in Short Blades
  7141 | D:9      | Found a white marble altar of Elyvilon.
  7261 | D:7      | Reached skill level 1 in Spellcasting
  7522 | D:7      | Reached skill level 9 in Stabbing
  7581 | D:7      | Found a blossoming altar of Fedhas.
  7830 | D:8      | Acquired Trog's third power
  8045 | D:9      | Reached XP level 10. HP: 39/50 MP: 19/19
  8200 | D:8      | Reached skill level 10 in Stabbing
  8236 | D:8      | Found a staircase to the Orcish Mines.
  8248 | Orc:1    | Entered Level 1 of the Orcish Mines
  8569 | D:10     | Reached skill level 11 in Stabbing
  9641 | Orc:1    | Noticed Duvessa
  9665 | Orc:2    | Received a gift from Trog
  9742 | Orc:1    | Noticed Dowan
  9748 | Orc:1    | Defeated Duvessa
  9753 | Orc:1    | Defeated Dowan
  9877 | Orc:1    | Found a roughly hewn altar of Beogh.
 10002 | Orc:1    | Reached skill level 5 in Evocations
 10005 | Orc:2    | Received a gift from Trog
 10316 | D:11     | Reached skill level 10 in Short Blades
 10319 | D:11     | Reached skill level 12 in Stabbing
 10550 | D:11     | Defeated Nessos
 10550 | D:11     | Reached XP level 11. HP: 56/56 MP: 18/20
 10740 | D:12     | Noticed Maurice
 10921 | D:12     | Defeated Maurice
 11057 | D:12     | Noticed a vapour
 11241 | D:12     | Reached skill level 13 in Stabbing
 11242 | D:12     | Found a staircase to the Hive.
 11257 | D:12     | Received a gift from Trog
 11306 | D:12     | Noticed Grum
 11370 | D:12     | Defeated Grum
 11539 | D:12     | Noticed Erica
 11550 | D:12     | Defeated Erica
 11610 | D:12     | Reached skill level 14 in Stabbing
 11713 | D:12     | Reached XP level 12. HP: 54/61 MP: 20/22
 11881 | D:12     | Found a bloodstained altar of Trog.
 12225 | D:13     | Reached skill level 5 in Fighting
 12283 | D:13     | Noticed Josephine
 12546 | Orc:2    | Received a gift from Trog
 12624 | Orc:2    | Got a warped sabre {god gift}
 12625 | Orc:2    | Identified the sabre of Urphicvui {god gift, drain, Int+3 Stlth--} (Trog gifted it to you on level 2 of the Orcish Mines)
 12861 | Orc:4    | Entered Level 4 of the Orcish Mines
 12917 | Orc:4    | Reached skill level 10 in Dodging
 12963 | Orc:4    | Found a flickering gateway to a bazaar. 12973
                  | bazaar
                  | Entered a bazaar 12975
                  | bazaar
                  | Found Shryaxt's Food Shoppe. 12997
                  | bazaar
                  | Found Schobb's Book Shop. 13027
                  | bazaar
                  | Found Qesti's Armour Emporium. 13035
                  | bazaar
                  | Found Lammaf's Weapon Boutique. 13084
                  | bazaar
                  | Bought an apricot for 8 gold pieces 13084
                  | bazaar
                  | Bought 16 strawberries for 16 gold pieces 13084
                  | bazaar
                  | Bought a pear for 8 gold pieces 13084
                  | bazaar
                  | Bought an apple for 8 gold pieces 13084
                  | bazaar
                  | Bought an apple for 8 gold pieces
 13418 | D:12     | Reached skill level 15 in Stabbing
 13464 | D:13     | Defeated Josephine
 13818 | D:13     | Found Shruhal's Weapon Emporium.
 13865 | D:13     | Received a gift from Trog
 13898 | D:13     | Found Suehutof's Magic Scroll Shoppe.
 13957 | D:13     | Bought a scroll of holy word for 105 gold pieces
 14080 | D:13     | Reached skill level 10 in Throwing
 14214 | D:13     | Found a staircase to the Lair.
 14232 | Lair:1   | Entered Level 1 of the Lair of Beasts
 14242 | Lair:1   | Reached skill level 10 in Stealth
 14449 | Lair:1   | Found an ancient bone altar of Kikubaaqudgha.
 15647 | Lair:2   | Received a gift from Trog
 16346 | Lair:3   | Found a staircase to the Shoals.
 16538 | Lair:4   | Received a gift from Trog
 16904 | Lair:4   | Received a gift from Trog
 16905 | Lair:4   | Got a steaming sabre {god gift}
 16906 | Lair:4   | Identified the sabre of Circular Logic {god gift, speed, rN+} (Trog gifted it to you on level 4 of the Lair of Beasts)
 17208 | Lair:5   | Found a labyrinth entrance.
 17217 | Lab      | Entered a Labyrinth
 17425 | Lab      | Reached XP level 13. HP: 69/69 MP: 21/23
 17433 | Lab      | Got an encrusted bow
 17434 | Lab      | Identified the cursed bow "Raun" {speed, rF++ rN+ MR} (You found it in a Labyrinth)
 17436 | Lab      | Identified a +5 rod of destruction [fire] (11/11) (You found it in a Labyrinth)
 17727 | Lair:5   | Reached skill level 16 in Stabbing
 18564 | Lair:6   | Reached skill level 1 in Long Blades
 18660 | Lair:6   | Received a gift from Trog
 18897 | Lair:6   | Found a staircase to the Snake Pit.
 19299 | Lair:6   | Received a gift from Trog
 19702 | Lair:7   | Found a blossoming altar of Fedhas.
 19747 | Lair:7   | Found a staircase to the Slime Pits.
 19917 | Lair:7   | Received a gift from Trog
 19919 | Lair:7   | Got a brightly glowing dagger {god gift}
 19938 | Lair:8   | Entered Level 8 of the Lair of Beasts
 20034 | Lair:8   | Identified the dagger "Stuevu" {god gift, flame, rElec MR Str-1} (Trog gifted it to you on level 7 of the Lair of Beasts)
 20750 | Lair:8   | Reached XP level 14. HP: 60/75 MP: 23/24
 20833 | Lair:8   | Received a gift from Trog
 21075 | Lair:8   | Reached skill level 17 in Stabbing
 21103 | Lair:8   | Received a gift from Trog
 21746 | Lair:7   | Received a gift from Trog
 22529 | Lair:7   | Received a gift from Trog
 22793 | D:14     | Noticed a redback
 22815 | D:14     | Defeated a redback
 23286 | D:12     | Defeated a vapour
 23502 | Orc:4    | Noticed an orc high priest
 23512 | Orc:4    | Defeated an orc high priest
 23533 | Orc:4    | Noticed an orc high priest
 23534 | Orc:4    | Received a gift from Trog
 24432 | Orc:4    | Received a gift from Trog
 24433 | Orc:4    | Got a bloodstained trident {god gift}
 24434 | Orc:4    | Identified the trident "Meikiss" {god gift, freeze, Str+4 Stlth++} (Trog gifted it to you on level 4 of the Orcish Mines)
 24565 | Orc:4    | Found Plog's Weapon Shop.
 24585 | Orc:4    | Noticed an orc high priest
 24585 | Orc:4    | Noticed an orc high priest
 24585 | Orc:4    | Found Yrchaimp's Food Emporium.
 24595 | Orc:4    | Defeated an orc high priest
 24601 | Orc:4    | Defeated an orc high priest
 24741 | Orc:4    | Noticed an orc high priest
 24747 | Orc:4    | Found a roughly hewn altar of Beogh.
 24759 | Orc:4    | Noticed an orc high priest
 24761 | Orc:4    | Defeated an orc high priest
 24848 | Orc:4    | Noticed an orc high priest
 24856 | Orc:4    | Defeated an orc high priest
 24861 | Orc:4    | Defeated an orc high priest
 25133 | Orc:3    | Received a gift from Trog
 25346 | Orc:4    | Received a gift from Trog
 25359 | Orc:4    | Found Koopriq's Antique Armour Emporium.
 25359 | Orc:4    | Found Ungek's Assorted Antiques.
 25364 | Orc:4    | Bought a dwarven cloak for 32 gold pieces
 25378 | Orc:4    | Bought a runed orcish buckler for 48 gold pieces
 25413 | Orc:4    | Found a staircase to the Elven Halls.
 25418 | Orc:4    | Found a radiant altar of Vehumet.
 25839 | Hive:1   | Entered Level 1 of the Hive
 26259 | Hive:2   | Entered Level 2 of the Hive
 26295 | Hive:1   | Received a gift from Trog
 26396 | Hive:1   | Got a brightly glowing sabre
 26397 | Hive:1   | Identified the cursed sabre of Severance {freeze, +Lev rElec rN+ Dex+1} (You found it on level 1 of the Hive)
 26552 | Hive:2   | Received a gift from Trog
 26903 | Hive:2   | Received a gift from Trog
 27043 | Hive:2   | Reached XP level 15. HP: 83/83 MP: 24/25
 27050 | Hive:2   | Received a gift from Trog
 27215 | Hive:2   | Received a gift from Trog
 27637 | Hive:2   | Reached skill level 5 in Long Blades
 28228 | D:14     | Reached skill level 15 in Dodging
 28605 | D:14     | Received a gift from Trog
 28606 | D:14     | Got a crystal katana {god gift}
 28607 | D:14     | Identified the katana "Acemydyd" {god gift, holy, SInv} (Trog gifted it to you on level 14 of the Dungeon)
 28691 | D:15     | Entered Level 15 of the Dungeon
 28691 | D:15     | Noticed a fire elemental
 28730 | D:15     | Reached skill level 18 in Stabbing
 28969 | D:15     | Noticed Aizul
 28985 | D:15     | Defeated Aizul
 29017 | D:15     | Noticed Rupert
 29037 | D:15     | Defeated Rupert
 29523 | D:15     | Defeated a fire elemental
 29527 | D:15     | Noticed Azrael
 29531 | D:15     | Defeated Azrael
 29551 | D:15     | Noticed a fire elemental
 29552 | D:15     | Defeated a fire elemental
 29977 | D:16     | Found Giocluarch's Weapon Shop.
 30148 | D:16     | Noticed an orc sorcerer
 30153 | D:16     | Defeated an orc sorcerer
 30694 | D:16     | Received a gift from Trog
 30859 | D:17     | Noticed a bumblebee
 30870 | D:17     | Defeated a bumblebee
 31174 | D:13     | Bought a scroll of enchant armour for 67 gold pieces
 31174 | D:13     | Bought a scroll of enchant armour for 67 gold pieces
 32096 | D:17     | Received a gift from Trog
 32277 | D:17     | Reached skill level 10 in Evocations
 32294 | D:17     | Reached skill level 19 in Stabbing
 32307 | D:18     | Reached XP level 16. HP: 80/86 MP: 26/26
 32345 | D:18     | Noticed Norris
 32357 | D:18     | Defeated Norris
 32388 | D:18     | Reached skill level 5 in Traps & Doors
 32408 | D:18     | Found a frozen archway.
 32508 | IceCv    | Entered an ice cave
 32692 | D:18     | Noticed Nergalle
 32696 | D:18     | Defeated Nergalle
 33226 | D:18     | Noticed Louise
 33255 | D:18     | Defeated Louise
 33454 | D:18     | Received a gift from Trog
 33497 | D:18     | Received a gift from Trog
 33510 | D:18     | Found Minot's Distillery.
 33521 | D:18     | Bought a potion of speed for 42 gold pieces
 33731 | D:18     | Found a staircase to the Vaults.
 33742 | D:18     | Received a gift from Trog
 33827 | D:19     | Noticed Saint Roka
 34021 | D:19     | Received a gift from Trog
 34200 | D:19     | Defeated Saint Roka
 34320 | D:19     | Reached skill level 20 in Stabbing
 35056 | Lair:1   | Reached skill level 1 in Armour
 35583 | D:20     | Entered Level 20 of the Dungeon
 35626 | D:20     | Reached XP level 17. HP: 78/94 MP: 27/27
 35659 | D:20     | Received a gift from Trog
 36052 | D:20     | Found Ageohivau's Antique Weapon Emporium.
 36057 | D:20     | Found Xobbae Hups' Weapon Boutique.
 36065 | D:20     | Bought 8 +0 needles of sleeping for 38 gold pieces
 36136 | D:20     | Received a gift from Trog
 36715 | Snake:1  | Entered Level 1 of the Snake Pit
 36830 | Snake:1  | Found a flickering gateway to a bazaar. 36840
                  | bazaar
                  | Entered a bazaar 36848
                  | bazaar
                  | Found Uwnouhil's Magical Wand Shop. 36853
                  | bazaar
                  | Bought a wand of teleportation (13) for 174 gold pieces 36862
                  | bazaar
                  | Found Psarug's Magic Scroll Shop. 36875
                  | bazaar
                  | Found Rekkups' Armour Boutique. 36902
                  | bazaar
                  | Found Ytustit's Weapon Shop. 36936
                  | bazaar
                  | Bought a scroll of enchant armour for 38 gold pieces 36936
                  | bazaar
                  | Bought a scroll of blinking for 24 gold pieces 36936
                  | bazaar
                  | Bought a scroll of recharging for 40 gold pieces 36936
                  | bazaar
                  | Bought a scroll of enchant weapon I for 38 gold pieces 36936
                  | bazaar
                  | Bought a scroll of identify for 16 gold pieces 36936
                  | bazaar
                  | Bought a scroll of teleportation for 24 gold pieces 36950
                  | bazaar
                  | Bought a wand of digging (3) for 57 gold pieces
 37420 | Snake:2  | Noticed Wiglaf
 37430 | Snake:2  | Defeated Wiglaf
 37643 | Snake:2  | Noticed Terpsichore
 37660 | Snake:2  | Defeated Terpsichore
 37906 | Snake:2  | Received a gift from Trog
 38570 | Snake:3  | Found an iron altar of Okawaru.
 38738 | Snake:3  | Got a brightly glowing dagger
 38739 | Snake:3  | Identified the dagger "Soic" {freeze, rN+ Dex+3} (You found it on level 3 of the Snake Pit)
 38950 | Snake:3  | Reached skill level 21 in Stabbing
 39382 | Snake:4  | Received a gift from Trog
 39811 | Snake:4  | Received a gift from Trog
 40418 | Snake:5  | Entered Level 5 of the Snake Pit
 40747 | Snake:5  | Noticed Boris
 40764 | Snake:5  | Defeated Boris
 40880 | Snake:5  | Noticed Xtahua
 41578 | D:20     | Got a black robe
 41656 | D:21     | Found a gateway to Hell.
 42109 | D:21     | Found a one-way gate to the infinite horrors of the Abyss.
 42247 | D:22     | Reached XP level 18. HP: 100/100 MP: 27/27
 42263 | D:21     | Received a gift from Trog
 42332 | D:22     | You fall through a shaft!
 42510 | D:23     | Reached skill level 10 in Fighting
 42726 | D:22     | Noticed Mennas
 42959 | D:22     | Found Dagroal's Jewellery Emporium.
 42983 | D:22     | Bought an uncursed amulet of inaccuracy for 1 gold piece
 43169 | D:22     | Received a gift from Trog
 44328 | D:23     | Identified the +4 robe of Night (You found it on level 20 of the Dungeon)
 45166 | D:24     | Found a one-way gate leading to the halls of Pandemonium.
 45383 | D:24     | Found a shimmering altar of Xom.
 45384 | D:24     | Found a shimmering altar of Xom.
 45384 | D:24     | Found a shimmering altar of Xom.
 45670 | D:24     | Received a gift from Trog
 46174 | D:24     | Noticed a crystal golem
 46177 | D:24     | Noticed a crystal golem
 46191 | D:24     | Noticed a crystal golem
 46191 | D:24     | Noticed a crystal golem
 46202 | D:24     | Defeated a crystal golem
 46209 | D:24     | Defeated a crystal golem
 46221 | D:24     | Defeated a crystal golem
 46234 | D:24     | Defeated a crystal golem
 46468 | D:25     | Entered Level 25 of the Dungeon
 46758 | D:25     | Received a gift from Trog
 46775 | D:25     | Reached XP level 19. HP: 92/112 MP: 28/28
 46796 | D:25     | Got a brightly glowing sling
 46797 | D:25     | Identified the sling of Brutal Revenge {frost, +Lev rF- rC+} (You found it on level 25 of the Dungeon)
 46960 | D:25     | Found Miugelua's General Store.
 47471 | D:26     | Received a gift from Trog
 47740 | D:26     | Found a gateway to a ziggurat.
 48105 | D:26     | Received a gift from Trog
 48250 | D:26     | Reached skill level 10 in Long Blades
 48311 | D:26     | Received a gift from Trog
 48690 | D:27     | Entered Level 27 of the Dungeon
 49296 | D:27     | Found Losues' Weapon Shop.
 49349 | D:27     | Found a glowing golden altar of the Shining One.
 50129 | Vault:1  | Entered Level 1 of the Vaults
 50504 | Vault:1  | Received a gift from Trog
 50619 | Vault:1  | Got a twisted dagger {god gift}
 50620 | Vault:1  | Identified the dagger "Ofuzyptu" {god gift, freeze, rElec rC+ Int+4} (Trog gifted it to you on level 1 of the Vaults)
 50994 | Vault:2  | Found a portal to a secret trove of treasure.
 50994 | Vault:2  | Noticed a deep elf mage
 50994 | Vault:2  | Noticed a deep elf priest
 51003 | Vault:2  | Defeated a deep elf priest
 51014 | Vault:2  | Defeated a deep elf mage
 51193 | Vault:2  | Found a staircase to the Crypt.
 51724 | Vault:2  | Received a gift from Trog
 52314 | Vault:3  | Noticed Frederick
 52319 | Vault:3  | Defeated Frederick
 52319 | Vault:3  | Reached XP level 20. HP: 100/118 MP: 28/29
 52410 | Vault:4  | Found Shoaxodd's Antique Armour Boutique.
 52445 | Vault:4  | Received a gift from Trog
 52492 | Vault:4  | Received a gift from Trog
 52493 | Vault:4  | Got an ichor-stained long sword {god gift}
 52494 | Vault:4  | Identified the long sword "Yschiaq" {god gift, slice, rN+ MR SInv} (Trog gifted it to you on level 4 of the Vaults)
 52513 | Vault:4  | Reached skill level 15 in Stealth
 52761 | Vault:4  | Noticed a deep elf mage
 52762 | Vault:4  | Noticed a deep elf priest
 52763 | Vault:4  | Noticed a deep elf mage
 53092 | Vault:3  | Reached skill level 15 in Throwing
 54286 | Vault:4  | Received a gift from Trog
 54294 | Vault:4  | Defeated a deep elf mage
 54296 | Vault:4  | Defeated a deep elf priest
 54297 | Vault:4  | Defeated a deep elf mage
 54484 | Vault:5  | Found a staircase to the Hall of Blades.
 54487 | Vault:5  | Received a gift from Trog
 54489 | Vault:5  | Noticed a deep elf conjurer
 54500 | Vault:5  | Defeated a deep elf conjurer
 55280 | Elf:1    | Entered Level 1 of the Elven Halls
 55753 | Elf:1    | Received a gift from Trog
 55833 | Elf:2    | Noticed Maud
 55840 | Elf:2    | Defeated Maud
 56331 | Elf:2    | Found Zuafes' Assorted Antiques.
 56335 | Elf:2    | Received a gift from Trog
 56453 | Elf:2    | Reached skill level 5 in Armour
 56534 | Elf:2    | Received a gift from Trog
 56564 | Elf:2    | Bought a scroll labeled XACOROLUAH for 19 gold pieces
 56566 | Elf:2    | Got a slimy tin ring
 56567 | Elf:2    | Identified the ring "Avaus" (You acquired it on level 2 of the Elven Halls)
 56814 | Elf:2    | Received a gift from Trog
 56815 | Elf:2    | Got a crystal sabre {god gift}
 56816 | Elf:2    | Identified the sabre of Cusiulei {god gift, flame, +Rage rF- rC+ rN+ Int+1} (Trog gifted it to you on level 2 of the Elven Halls)
 58069 | Elf:4    | Received a gift from Trog
 58224 | Elf:4    | Noticed Harold
 58231 | Elf:4    | Defeated Harold
 58265 | Elf:5    | Entered Level 5 of the Elven Halls
 58277 | Elf:4    | Noticed Snorg
 58286 | Elf:4    | Defeated Snorg
 58345 | Elf:4    | Noticed Donald
 58354 | Elf:4    | Defeated Donald
 58379 | Elf:4    | Found a radiant altar of Vehumet.
 58591 | Elf:4    | Received a gift from Trog
 58808 | Elf:4    | Noticed Agnes
 58847 | Elf:4    | Defeated Agnes
 58847 | Elf:4    | Reached XP level 21. HP: 128/128 MP: 29/29
 59368 | Elf:5    | Received a gift from Trog
 59469 | Elf:5    | Found Quniapos' Food Boutique.
 60395 | Snake:5  | Defeated Xtahua
 60532 | Snake:5  | Received a gift from Trog
 60707 | Snake:5  | Got a serpentine rune of Zot
 61057 | Shoals:1 | Entered Level 1 of the Shoals
 61457 | Shoals:2 | Noticed Kirke
 61463 | Shoals:2 | Defeated Kirke
 61617 | Shoals:2 | Found a shimmering altar of Xom.
 62063 | Shoals:3 | Got a dazzling robe
 62270 | Shoals:2 | Identified the cursed +1 robe of Thruesa (You found it on level 3 of the Shoals)
 62402 | Shoals:1 | Noticed Polyphemus
 62406 | Shoals:1 | Defeated Polyphemus
 62422 | Shoals:1 | Received a gift from Trog
 63531 | Shoals:5 | Entered Level 5 of the Shoals
 63580 | Shoals:5 | Got a barnacled rune of Zot
 64032 | Shoals:5 | Noticed Ilsuiw
 64044 | Shoals:5 | Received a gift from Trog
 64047 | Shoals:5 | Defeated Ilsuiw
 64135 | Shoals:5 | Got a steaming dagger {god gift}
 64136 | Shoals:5 | Identified the dagger of Spontaneous Combustion {god gift, antimagic, rC++} (Trog gifted it to you on level 5 of the Shoals)
 64262 | Shoals:5 | Noticed Boris
 64461 | Shoals:5 | Defeated Boris
 64765 | Shoals:5 | Got an ivory dagger
 64766 | Shoals:5 | Identified the +3,+4 Vampire's Tooth (You found it on level 5 of the Shoals)
 65439 | Vault:5  | Reached XP level 22. HP: 119/136 MP: 29/30
 65503 | Vault:5  | Received a gift from Trog
 65513 | Vault:5  | Noticed Margery
 65518 | Vault:5  | Defeated Margery
 67276 | Vault:7  | Found Xamofeg's General Store.
 67333 | Vault:7  | Received a gift from Trog
 67964 | Vault:7  | Received a gift from Trog
 68009 | Vault:7  | Noticed Mara
 68018 | Vault:7  | Defeated Mara
 68908 | Crypt:1  | Entered Level 1 of the Crypt
 68912 | Crypt:1  | Found an ancient bone altar of Kikubaaqudgha.
 69926 | Crypt:2  | Received a gift from Trog
 69927 | Crypt:2  | Got a black cutlass {god gift}
 69928 | Crypt:2  | Identified the Captain's cutlass {god gift, speed, Dam+3} (Trog gifted it to you on level 2 of the Crypt)
 70143 | Crypt:2  | Reached XP level 23. HP: 85/140 MP: 30/30
 70559 | Crypt:2  | Found a staircase to the Tomb.
 72478 | Lair:1   | Noticed a rock worm
 72494 | Lair:1   | Defeated a rock worm
 72782 | Crypt:5  | Entered Level 5 of the Crypt
 73057 | Crypt:4  | Got a crystal flail
 73058 | Crypt:4  | Identified the cursed flail "Mnuuhous" {crush, Int+3 Stlth--} (You found it on level 4 of the Crypt)
 74044 | Crypt:5  | Noticed an ancient lich
 74044 | Crypt:5  | Noticed a lich
 74063 | Crypt:5  | Defeated an ancient lich
 74088 | Crypt:5  | Defeated a lich
 74384 | Blade    | Entered the Hall of Blades
 75046 | Vault:8  | Entered Level 8 of the Vaults
 75048 | Vault:8  | A lindwurm changed into a pulsating lump
 75049 | Vault:8  | A pulsating lump changed into an anaconda
 75972 | Vault:7  | Reached XP level 24. HP: 83/145 MP: 31/31
 76544 | Vault:8  | Noticed a deep elf high priest
 76604 | Vault:8  | Noticed a deep elf death mage
 76605 | Vault:8  | Defeated a deep elf death mage
 76654 | Vault:8  | Noticed an iron dragon
 76665 | Vault:8  | Found Ufialal's Assorted Antiques.
 76665 | Vault:8  | Noticed a deep elf demonologist
 76675 | Vault:8  | Defeated a deep elf demonologist
 76677 | Vault:8  | Bought a runed emerald amulet for 255 gold pieces
 76693 | Vault:8  | Got a faintly glowing spear
 76694 | Vault:8  | Identified the spear of Sloth {pierce, rPois} (You found it on level 8 of the Vaults)
 76775 | Vault:8  | Defeated an iron dragon
 76778 | Vault:8  | Defeated a deep elf high priest
 76781 | Vault:8  | Defeated a deep elf high priest
 76844 | Vault:8  | Noticed an iron dragon
 76884 | Vault:8  | Defeated an iron dragon
 76996 | Vault:8  | Noticed a deep elf death mage
 77009 | Vault:8  | Defeated a deep elf death mage
 77030 | Vault:8  | Noticed a golden dragon
 77041 | Vault:8  | Defeated a golden dragon
 77053 | Vault:8  | Got a shimmering sling
 77054 | Vault:8  | Identified the sling of the Gnat {velocity, rF+} (You found it on level 8 of the Vaults)
 77059 | Vault:8  | Identified a +3 rod of demonology (13/13) (You found it on level 8 of the Vaults)
 77075 | Vault:8  | Identified a +4 rod of striking (6/6) (You found it on level 8 of the Vaults)
 77240 | Vault:8  | Noticed a bone dragon
 77308 | Vault:8  | Noticed a shining eye
 77318 | Vault:8  | Defeated a shining eye
 77335 | Vault:8  | Got a transparent platinum amulet
 77346 | Vault:8  | Identified the amulet of the Slug (You found it on level 8 of the Vaults)
 77471 | Vault:8  | Noticed a bone dragon
 77500 | Vault:8  | Noticed a golden dragon
 77509 | Vault:8  | Defeated a bone dragon
 77512 | Vault:8  | Defeated a golden dragon
 77518 | Vault:8  | Got a silver rune of Zot
 77626 | Vault:8  | Noticed an iron dragon
 77651 | Vault:8  | Defeated an iron dragon
 78276 | Vault:8  | Noticed a quicksilver dragon
 78311 | Vault:8  | Defeated a quicksilver dragon
 78378 | Vault:8  | A death drake changed into a shining eye
 78384 | Vault:8  | Defeated a shining eye
 78403 | Vault:8  | Received a gift from Trog
 78472 | Vault:8  | Noticed a deep elf high priest
 78592 | Vault:8  | Defeated a deep elf high priest
 78856 | Vault:8  | Noticed a golden dragon
 78856 | Vault:8  | Noticed a bone dragon
 78866 | Vault:8  | Noticed a golden dragon
 78930 | Vault:8  | Noticed a deep elf death mage
 78944 | Vault:8  | Defeated a deep elf death mage
 79068 | Vault:8  | Received a gift from Trog
 79088 | Vault:8  | A death drake changed into a pulsating lump
 79094 | Vault:8  | A pulsating lump changed into a merfolk
 79922 | Vault:8  | Defeated a bone dragon
 79938 | Vault:8  | Noticed a deep elf annihilator
 79943 | Vault:8  | Defeated a deep elf annihilator
 79981 | Vault:8  | Defeated a golden dragon
 79981 | Vault:8  | Reached XP level 25. HP: 141/155 MP: 31/31
 80992 | Vault:8  | Got an ancient blowgun
 80993 | Vault:8  | Identified the cursed blowgun of Cijisot {speed, rPois} (You found it on level 8 of the Vaults)
 81027 | Vault:8  | Defeated a golden dragon
 81813 | Vault:4  | Bought a cap for 95 gold pieces
 82737 | Elf:5    | Noticed a deep elf blademaster
 82754 | Elf:5    | Defeated a deep elf blademaster
 82774 | Elf:5    | Noticed a deep elf blademaster
 82816 | Elf:5    | Defeated a deep elf blademaster
 82820 | Elf:5    | Noticed a deep elf master archer
 82921 | Elf:5    | Received a gift from Trog
 83704 | Elf:5    | Received a gift from Trog
 83718 | Elf:5    | Noticed a deep elf master archer
 83812 | Elf:5    | Defeated a deep elf master archer
 84896 | Elf:5    | Defeated a deep elf master archer
 85088 | Elf:5    | Received a gift from Trog
 85108 | Elf:5    | Got a crude robe
 85167 | Elf:5    | Got a fine hand axe
 85168 | Elf:5    | Identified the cursed hand axe "Qosaypp" {venom, +Rage rC+} (You took it off a deep elf annihilator on level 5 of the Elven Halls)
 85290 | Elf:5    | Reached skill level 22 in Throwing
 85424 | Elf:5    | Got a fine golden ring
 85445 | Elf:5    | Identified the cursed ring of Ynua (You found it on level 5 of the Elven Halls)
 85465 | Elf:5    | Identified the +0 robe of Integrity (You took it off a deep elf demonologist on level 5 of the Elven Halls)
 86379 | Slime:1  | Entered Level 1 of the Pits of Slime
 86630 | Slime:4  | Received a gift from Trog
 87059 | Slime:4  | Found a white marble altar of Elyvilon.
 87132 | Slime:6  | Entered Level 6 of the Pits of Slime
 87150 | Slime:6  | Reached XP level 26. HP: 102/158 MP: 32/32
 87217 | Slime:6  | Received a gift from Trog
 87219 | Slime:6  | Noticed the royal jelly
 87751 | Slime:6  | Defeated the royal jelly
 87900 | Slime:6  | Reached skill level 23 in Throwing
 88103 | Slime:6  | Received a gift from Trog
 88270 | Slime:6  | Got a crude bow
 88271 | Slime:6  | Identified the bow "Arbiter" {reap, MR Dex+3} (You found it on level 6 of the Pits of Slime)
 88327 | Slime:6  | Got a crystal spiked flail
 88328 | Slime:6  | Identified the spiked flail "Arphidui" {holy, rElec rN+} (You found it on level 6 of the Pits of Slime)
 88396 | Slime:6  | Got a jewelled buckler
 88401 | Slime:6  | Identified the -7 buckler "Cluifuviu" (You found it on level 6 of the Pits of Slime)
 88447 | Slime:6  | Got a slimy rune of Zot
 89267 | D:12     | Noticed Urug
 89285 | D:12     | Defeated Urug
 89460 | D:12     | Noticed a vapour
 89473 | D:12     | Defeated a vapour
 89841 | D:19     | Noticed a crystal golem
 89855 | D:19     | Noticed a crystal golem
 89856 | D:19     | Defeated a crystal golem
 89868 | D:19     | Defeated a crystal golem
 89869 | D:19     | Noticed a crystal golem
 89872 | D:19     | Noticed a crystal golem
 89875 | D:19     | Noticed a crystal golem
 89876 | D:19     | Defeated a crystal golem
 89878 | D:19     | Noticed a crystal golem
 89879 | D:19     | Defeated a crystal golem
 89882 | D:19     | Noticed a crystal golem
 89884 | D:19     | Noticed a crystal golem
 89899 | D:19     | Defeated a crystal golem
 89900 | D:19     | Reached skill level 15 in Long Blades
 89905 | D:19     | Defeated a crystal golem
 89906 | D:19     | Noticed a crystal golem
 89912 | D:19     | Defeated a crystal golem
 89919 | D:19     | Defeated a crystal golem
 89929 | D:19     | Defeated a crystal golem
 89931 | D:19     | Noticed a crystal golem
 89932 | D:19     | Noticed a crystal golem
 89932 | D:19     | Noticed a crystal golem
 89934 | D:19     | Noticed a crystal golem
 89935 | D:19     | Noticed a crystal golem
 89935 | D:19     | Noticed a crystal golem
 89935 | D:19     | Noticed a crystal golem
 89937 | D:19     | Noticed a crystal golem
 89941 | D:19     | Noticed a crystal golem
 89947 | D:19     | Defeated a crystal golem
 89965 | D:19     | Defeated a crystal golem
 89974 | D:19     | Defeated a crystal golem
 89988 | D:19     | Defeated a crystal golem
 89996 | D:19     | Defeated a crystal golem
 90008 | D:19     | Defeated a crystal golem
 90019 | D:19     | Defeated a crystal golem
 90028 | D:19     | Defeated a crystal golem
 90029 | D:19     | Noticed a crystal golem
 90038 | D:19     | Defeated a crystal golem
 90056 | D:19     | Defeated a crystal golem
 90060 | D:19     | Noticed a crystal golem
 90077 | D:19     | Defeated a crystal golem
 90078 | D:19     | Got a jewelled bronze crown
 90084 | D:19     | Noticed a crystal golem
 90087 | D:19     | Noticed a crystal golem
 90087 | D:19     | Noticed a crystal golem
 90101 | D:19     | Defeated a crystal golem
 90109 | D:19     | Defeated a crystal golem
 90124 | D:19     | Defeated a crystal golem
 90539 | D:22     | Defeated Mennas
 90775 | D:24     | Noticed a crystal golem
 90787 | D:24     | Defeated a crystal golem
 90799 | D:24     | Noticed a crystal golem
 90807 | D:24     | Defeated a crystal golem
 90815 | D:24     | Noticed a crystal golem
 90815 | D:24     | Noticed a crystal golem
 90819 | D:24     | Found a deep blue altar of Sif Muna.
 90824 | D:24     | Defeated a crystal golem
 90835 | D:24     | Defeated a crystal golem
 90836 | D:24     | Noticed a crystal golem
 90839 | D:24     | Noticed a crystal golem
 90854 | D:24     | Defeated a crystal golem
 90861 | D:24     | Noticed a crystal golem
 90875 | D:24     | Defeated a crystal golem
 90890 | D:24     | Defeated a crystal golem
 90919 | D:24     | Got a steaming amber ring
 90934 | D:24     | Identified the ring of Xom's Righteous Fury (You found it on level 24 of the Dungeon)
 90969 | D:24     | Got a flickering ivory ring
 90970 | D:24     | Identified the ring of Cekhlivi (You found it on level 24 of the Dungeon)
 91227 | D:27     | Received a gift from Trog
 91509 | D:27     | Noticed a deep elf high priest
 91518 | D:27     | Defeated a deep elf high priest
 91703 | D:27     | Got a flickering glass ring
 92130 | D:13     | Bought a scroll of identify for 28 gold pieces
 92130 | D:13     | Bought a scroll of identify for 28 gold pieces
 92130 | D:13     | Bought a scroll of identify for 28 gold pieces
 92130 | D:13     | Bought a scroll of identify for 28 gold pieces
 92131 | D:13     | Identified the ring "Vuinn" (You found it on level 27 of the Dungeon)
 92131 | D:13     | Identified the +3 crown of Dyrovepreva (You found it on level 19 of the Dungeon)
 92439 | Vault:7  | Bought 2 scrolls of enchant weapon I for 105 gold pieces
 92699 | D:25     | Bought a scroll of enchant weapon III for 480 gold pieces
 93050 | Tomb:1   | Entered Level 1 of the Tomb of the Ancients
 93914 | Crypt:3  | Reached skill level 15 in Fighting
 94879 | Pan      | Entered Pandemonium
 94993 | Pan      | Entered the realm of Cerebov.
 94994 | Pan      | Found a gateway to a ziggurat.
 95128 | Pan      | Reached XP level 27. HP: 166/170 MP: 32/32
 95202 | Pan      | Reached skill level 24 in Throwing
 95354 | Pan      | Received a gift from Trog
 95492 | Pan      | Reached XP level 26. HP: 105/163 MP: 31/32
 95500 | Pan      | HP: 3/163 [Balrug/fireball (43)]
 95642 | Pan      | Reached XP level 27. HP: 155/170 MP: 32/32
 95778 | Pan      | Noticed Cerebov
 95909 | Pan      | Defeated Cerebov
 95941 | Pan      | Got a great serpentine sword
 95961 | Pan      | Identified a +2 rod of smiting (14/14) (You found it in Pandemonium)
 95995 | Pan      | Got a fiery rune of Zot
 96172 | Pan      | Gained mutation: You tend to lose your temper in combat.
 96680 | Pan      | Received a gift from Trog
 96702 | Pan      | Got a shimmering double sword {god gift}
 96703 | Pan      | Identified the double sword of Exoneration {god gift, vamp, Dex+1} (Trog gifted it to you in Pandemonium)
 96879 | Pan      | Gained mutation: You have sharp toenails.
 97286 | Pan      | Gained mutation: You are clumsy (Dex -1).
 97566 | Pan      | You are cast into the Abyss!
 97566 | Pan      | Cast into the Abyss (distortion unwield)
 97566 | Abyss    | Entered The Abyss
 97713 | Abyss    | Noticed a Daeva
 97739 | Abyss    | Defeated a Daeva
 97862 | Abyss    | Noticed an unborn deep dwarf
 98456 | Abyss    | Received a gift from Trog
 98601 | Abyss    | Noticed a silent spectre
 98604 | Abyss    | Defeated a silent spectre
 98883 | Abyss    | Noticed a green draconian knight
 98913 | Abyss    | Noticed a reaper
 98924 | Abyss    | Gained mutation: You occasionally shout uncontrollably.
 98925 | Abyss    | Defeated a reaper
 99039 | Abyss    | Noticed a soul eater
 99046 | Abyss    | Defeated a soul eater
 99131 | D:24     | You pass through the gate.
 99401 | Lair:1   | Lost mutation: You occasionally shout uncontrollably.
 99401 | Lair:1   | Lost mutation: You have sharp toenails.
 99401 | Lair:1   | Lost mutation: You are clumsy (Dex -1).
 99401 | Lair:1   | Lost mutation: You tend to lose your temper in combat.
 99632 | Pan      | Gained mutation: Your body is slowly deteriorating.
 99715 | Pan      | Noticed Vopebe the pandemonium lord
100067 | Pan      | Received a gift from Trog
100097 | Pan      | Entered the realm of Gloorx Vloq.
100131 | Pan      | Gained mutation: You are dopey (Int -1).
100910 | Pan      | Got a dark rune of Zot
100962 | Pan      | Noticed Gloorx Vloq
100973 | Pan      | Defeated Gloorx Vloq
101155 | Pan      | Received a gift from Trog
101232 | Pan      | Noticed Uceraqot the pandemonium lord
101239 | Pan      | Found a gateway to a ziggurat.
101366 | Pan      | Entered the realm of Lom Lobon.
101573 | Pan      | Received a gift from Trog
101635 | Pan      | Noticed Lom Lobon
101644 | Pan      | Defeated Lom Lobon
101677 | Pan      | Got a magical rune of Zot
102421 | Pan      | Reached skill level 10 in Traps & Doors
102442 | Pan      | Noticed Eramoe Riywo the pandemonium lord
102460 | Pan      | Got a demonic rune of Zot
102669 | Pan      | Received a gift from Trog
102676 | Pan      | Noticed Koogguun the pandemonium lord
102705 | Pan      | Found a gateway to a ziggurat.
102741 | Pan      | Entered the realm of Mnoleg.
102856 | Pan      | Gained mutation: You are weak (Str -1).
103292 | Pan      | Gained mutation: Armour fits poorly on your unusually shaped body.
103424 | Pan      | Noticed Mnoleg
103432 | Pan      | Defeated Mnoleg
103715 | Pan      | Got a glowing rune of Zot
103863 | Pan      | Gained mutation: Armour fits poorly on your deformed body.
104790 | Pan      | Gained mutation: You tend to lose your temper in combat.
105502 | Pan      | You are cast into the Abyss!
105502 | Pan      | Cast into the Abyss (distortion unwield)
105551 | Abyss    | Noticed a deep dwarf
105551 | Abyss    | Noticed a deep dwarf
105552 | Abyss    | Noticed a deep dwarf
105553 | Abyss    | Noticed a deep dwarf scion
105555 | Abyss    | Noticed a deep dwarf
105583 | Abyss    | Noticed a yellow draconian knight
105618 | Abyss    | Noticed a vampire
105622 | Abyss    | Defeated a vampire
106015 | Abyss    | Noticed a green ugly thing
106015 | Abyss    | Noticed a green ugly thing
106016 | Abyss    | Noticed a green ugly thing
106312 | Abyss    | Noticed a shining eye
106330 | Abyss    | Noticed a white draconian
106465 | Abyss    | Noticed a naga warrior
106465 | Abyss    | Received a gift from Trog
106520 | Abyss    | Got an ancient iron ring
106521 | Abyss    | Identified the ring "Qymyes" (You found it in the Abyss)
106532 | Abyss    | Got an abyssal rune of Zot
106589 | Abyss    | Noticed a crystal golem
106635 | Abyss    | Noticed a tormentor
106646 | Abyss    | Defeated a tormentor
107085 | Abyss    | Received a gift from Trog
107126 | Abyss    | Noticed a deep dwarf berserker
107179 | Abyss    | Noticed a phantom
107226 | Abyss    | Defeated a phantom
107727 | Abyss    | Received a gift from Trog
107728 | Abyss    | Got a crystal sabre {god gift}
107729 | Abyss    | Identified the sabre "Piuhosyung" {god gift, freeze, MR Str+4 Int+1} (Trog gifted it to you in the Abyss)
107827 | Abyss    | Noticed a naga warrior
108095 | Abyss    | Noticed a naga mage
108293 | Abyss    | Got an encrusted buckler
108294 | Abyss    | Identified the +3 buckler of Greater Demons (You acquired it in the Abyss)
108309 | Abyss    | Noticed a wizard
108318 | Abyss    | Defeated a wizard
108802 | Abyss    | Noticed a pale draconian annihilator
108866 | Abyss    | Noticed a vapour
109094 | Abyss    | Reached skill level 15 in Evocations
109198 | D:24     | You pass through the gate.
109442 | Lair:1   | Lost mutation: Armour fits poorly on your deformed body.
109442 | Lair:1   | Lost mutation: You tend to lose your temper in combat.
109442 | Lair:1   | Lost mutation: You are weak (Str -1).
109442 | Lair:1   | Lost mutation: Your body is slowly deteriorating.
109443 | Lair:1   | Lost mutation: You are dopey (Int -1).
109443 | Lair:1   | Lost mutation: Armour fits poorly on your unusually shaped body.
110290 | Zot:1    | Entered Level 1 of the Realm of Zot
110688 | Zot:1    | Received a gift from Trog
110816 | D:27     | Noticed an iron dragon
110821 | D:27     | Defeated an iron dragon 111095
                  | trove
                  | Entered a treasure trove 111105
                  | trove
                  | Got a transparent buckler 111107
                  | trove
                  | Got a brightly glowing steam dragon armour 111109
                  | trove
                  | Got an ancient mottled dragon armour 111112
                  | trove
                  | Got a fur hat 111116
                  | trove
                  | Identified the +2 hat of the Bear Spirit (You found it in a treasure trove) 111136
                  | trove
                  | Identified the -5 buckler "Wiaguem" (You found it in a treasure trove) 111154
                  | trove
                  | Got a silk robe 111171
                  | trove
                  | Identified the +4 robe of Augmentation (You found it in a treasure trove) 111180
                  | trove
                  | Identified the +3 steam dragon armour of Terror (You found it in a treasure trove) 111192
                  | trove
                  | Identified the +6 mottled dragon armour of Prudence (You found it in a treasure trove) 111215
                  | trove
                  | Got a fine cap 111219
                  | trove
                  | Identified the +0 cap of the Unseen Realm (You found it in a treasure trove) 111221
                  | trove
                  | Got a warped animal skin 111236
                  | trove
                  | Identified the +3 animal skin of Trumpets (You found it in a treasure trove)
111602 | Hell     | Entered the Vestibule of Hell
111602 | Hell     | Noticed Geryon
111631 | Hell     | Defeated Geryon
111802 | Hell     | Found a gateway to the Iron City of Dis.
111818 | Dis:1    | Entered Level 1 of the Iron City of Dis
112459 | Dis:5    | Received a gift from Trog
112620 | Dis:7    | Entered Level 7 of the Iron City of Dis
112685 | Dis:7    | Noticed a Fiend
112820 | Dis:7    | Defeated a Fiend
112821 | Dis:7    | Noticed an iron dragon
112841 | Dis:7    | Noticed Dispater
112939 | Dis:7    | Defeated Dispater
112952 | Dis:7    | ebarrett: needlestabbing fuck yes
112952 | Dis:7    | Defeated an iron dragon
113029 | Dis:7    | Got an iron rune of Zot
113464 | Hell     | Found a gateway to the decaying netherworld of Tartarus.
113580 | Tar:1    | Entered Level 1 of Tartarus
113802 | Tar:2    | forgot food
114151 | Tar:4    | Received a gift from Trog
114152 | Tar:4    | Got a fine long sword {god gift}
114153 | Tar:4    | Identified the long sword "Cewety" {god gift, elec, +Rage rC+ SInv} (Trog gifted it to you on level 4 of Tartarus)
114298 | Tar:7    | Entered Level 7 of Tartarus
114798 | Tar:7    | Noticed Ereshkigal
114815 | Tar:7    | Got a bone rune of Zot
114849 | Tar:7    | Defeated Ereshkigal
115300 | Hell     | Found a gateway to the freezing wastes of Cocytus.
115331 | Coc:1    | Entered Level 1 of Cocytus
115827 | Coc:7    | Entered Level 7 of Cocytus
116032 | Coc:7    | Received a gift from Trog
116191 | Coc:7    | Noticed Antaeus
116430 | Coc:7    | Defeated Antaeus
116456 | Coc:7    | Got an icy rune of Zot
116508 | Hell     | Found a gateway to the ashen valley of Gehenna.
116543 | Geh:1    | Entered Level 1 of Gehenna
116746 | Geh:4    | Noticed a Fiend
116751 | Geh:4    | Defeated a Fiend
116899 | Geh:7    | Entered Level 7 of Gehenna
116960 | Geh:7    | Received a gift from Trog
116970 | Geh:7    | Noticed the Serpent of Hell
117110 | Geh:7    | Defeated the Serpent of Hell
117207 | Geh:7    | Noticed Asmodeus
117208 | Geh:7    | Noticed a Fiend
117208 | Geh:7    | Noticed a Fiend
117332 | Geh:7    | Defeated a Fiend
117360 | Geh:7    | Noticed a Fiend
117367 | Geh:7    | Defeated Asmodeus
117414 | Geh:7    | Received a gift from Trog
117439 | Geh:7    | Noticed a Fiend
117697 | D:13     | Bought a scroll of recharging for 70 gold pieces
117697 | D:13     | Bought a scroll of recharging for 70 gold pieces
117697 | D:13     | Bought a scroll of recharging for 70 gold pieces
117697 | D:13     | Bought a scroll of recharging for 70 gold pieces
117930 | Geh:4    | Noticed a Fiend
117936 | Geh:4    | Defeated a Fiend
117990 | Geh:6    | Noticed a Fiend
118073 | Geh:7    | Defeated a Fiend
118106 | Geh:7    | Got an obsidian rune of Zot
118963 | Tomb:1   | Received a gift from Trog
119147 | Tomb:1   | good lord
120730 | Tomb:3   | Entered Level 3 of the Tomb of the Ancients
121926 | Tomb:3   | Got a golden rune of Zot
123660 | Zot:5    | Entered Level 5 of the Realm of Zot
123974 | Zot:5    | Reached skill level 15 in Short Blades
124556 | Zot:5    | Received a gift from Trog
124638 | Zot:5    | Noticed an ancient lich
124719 | Zot:5    | Defeated an ancient lich
124743 | Zot:5    | Noticed an orb of fire
124867 | Zot:5    | Gained mutation: You are clumsy (Dex -1).
124878 | Zot:5    | Gained mutation: You are frail (-10% HP).
124890 | Zot:5    | Gained mutation: You are very frail (-20% HP).
124894 | Zot:5    | Defeated an orb of fire
124924 | Zot:5    | dude where's my mhp?
124960 | Zot:5    | Noticed an ancient lich
124961 | Zot:5    | not here...
124962 | Zot:5    | Noticed an orb of fire
125541 | Lair:3   | Lost mutation: You are clumsy (Dex -1).
125541 | Lair:3   | Lost mutation: You are very frail (-20% HP).
125541 | Lair:3   | Lost mutation: You are frail (-10% HP).
126149 | Zot:5    | Got the Orb of Zot
126314 | D:26     | Noticed Irghihao the pandemonium lord
126329 | D:25     | Received a gift from Trog
127019 | D:$      | Escaped with the Orb!
